 Dungeon Crawl Stone Soup version 0.28-a0-1555-g9ae15a6949 (webtiles) character file.

Game seed: 18219743305525488484

119 mordus the Shield-Bearer (level 5, 0/41 HPs)
             Began as a Formicid Fighter on Jan 18, 2022.
             Slain by Grinder (4 damage)
             ... on level 3 of the Dungeon.
             The game lasted 00:03:10 (2795 turns).

mordus the Shield-Bearer (Formicid Fighter)         Turns: 2795, Time: 00:03:11

Health: 0/41       AC:  8    Str: 23    XL:     5   Next: 24%
Magic:  5/5        EV:  9    Int:  7    God:
Gold:   113        SH:  4    Dex: 10    Spells: 4/4 levels left

rFire   . . .      SeeInvis +   a - +0 long sword
rCold   . . .      Faith    .   c - +0 buckler
rNeg    . . .      Spirit   .   b - +0 scale mail
rPois   .          Reflect  .   (helmet unavailable)
rElec   .          Harm     .   (no cloak)
rCorr   .          Rampage  .   f - +0 pair of gloves
Will    .....                   (no boots)
Stlth   ..........              (no amulet)
HPRegen 0.13/turn               (no ring)
MPRegen 0.09/turn               (no ring)

@: no status effects
A: permanent stasis, dig shafts and tunnels, antennae 3, four strong arms
a: Dig, Shaft Self


You were on level 3 of the Dungeon.
You visited 1 branch of the dungeon, and saw 3 of its levels.

You collected 113 gold pieces.

Inventory:

Hand Weapons
 a - a +0 long sword (weapon)
Armour
 b - a +0 scale mail (worn)
 c - a +0 buckler (worn)
 f - a +0 pair of gloves (worn)
Wands
 o - a wand of polymorph (12)
Scrolls
 e - a scroll of holy word {unknown}
 g - a scroll of fear {unknown}
 i - a scroll of teleportation {unknown}
 k - 2 scrolls of identify {unknown}
Potions
 d - a potion of might
 h - 2 potions of flight {unknown}
 j - a potion of lignification {unknown}
 l - 3 potions of degeneration {unknown}
 m - 2 potions of magic {unknown}
 n - a potion of berserk rage {unknown}


   Skills:
 - Level 3.2 Fighting
 * Level 3.8 Long Blades
 + Level 4.1 Armour
 + Level 4.5 Shields


You had 4 spell levels left.
You didn't know any spells.
Your spell library contained the following spells:

 Spells                   Type           Power      Damage    Failure   Level
 Confusing Touch          Hex            0%         N/A       99%         3
 Yara's Violent Unravell  Hex/Tmut       0%         3d3       100%        5
 Enfeeble                 Hex            0%         N/A       100%        7


Dungeon Overview and Level Annotations

Branches:
Dungeon (3/15)

Altars:

Shops:
D:2 *

Annotations:
D:3 Grinder


Innate Abilities, Weirdness & Mutations

You cannot be hasted, slowed, berserked, paralysed or teleported.
You can dig through walls and to a lower floor.
You have a pair of large antennae on your head. (SInv)
Your four strong arms can wield two-handed weapons with a shield.


Message History

You open the door.
Found an escape hatch in the ceiling.
No target in view!
There is an open door here.
You open the door.
Grinder comes into view.
Grinder shouts!
Grinder gestures at you. You resist with significant effort.
There is an open door here.
Grinder is nearby!
You hit Grinder.
Grinder is lightly wounded.
Grinder completely misses you.
You closely miss Grinder.
Grinder is lightly wounded.
Grinder drinks a potion.
Grinder seems to grow stronger.
Grinder hits you.
You writhe in agony.
You barely miss Grinder.
Grinder is lightly wounded.
Grinder hits you!
You writhe in agony.
Grinder is nearby!
You hit Grinder.
Grinder is moderately wounded.
Grinder barely misses you.
Grinder is nearby!
You closely miss Grinder.
Grinder is moderately wounded.
Grinder hits you.
You writhe in agony.
You are too injured to fight recklessly!
You are too injured to fight recklessly!
You hit Grinder but do no damage.
Grinder is moderately wounded.
Grinder hits you but does no damage.
You hit Grinder.
Grinder is moderately wounded.
Grinder hits you but does no damage. Grinder hits you!
* * * LOW HITPOINT WARNING * * *
You writhe in agony.
You die...

##.## #.. ..... #.# #...# #.# ...
#.# ... #.# #.# #.# #####.# #5#
#.# #.....# #@# #.# #.###.####
##'## #.# ###.#......# ##...##
#.# ....)...##.###.....## ####.#
.##.#.(.##.##.......# ###.##.#
.##.#...##.#...<.....###......###
.##........'.........+...........
.##.#......#.........###....#####
.##.....#####.......## #.#.##


You could see Grinder (strong).

Vanquished Creatures
  Ijyb (D:3)
  3 adders (D:2)
  2 worms
  2 dart slugs (D:1)
  7 ball pythons
  4 endoplasms
  5 giant cockroaches
  5 goblins
  3 hobgoblins
  7 jackals
  2 quokkas
  4 bats (D:2)
  A frilled lizard (D:1)
  3 kobolds
  6 rats
55 creatures vanquished.

Notes
Turn   | Place    | Note
-------+----------+-------------------------------------------
     0 | D:1      | mordus the Formicid Fighter began the quest for the Orb.
     0 | D:1      | Reached XP level 1. HP: 18/18 MP: 1/1
   112 | D:1      | Reached XP level 2. HP: 20/24 MP: 2/2
   341 | D:1      | Reached XP level 3. HP: 28/29 MP: 3/3
  1340 | D:2      | Reached XP level 4. HP: 35/35 MP: 4/4
  1343 | D:2      | Found Pehuikh's Assorted Antiques.
  2105 | D:3      | Noticed Ijyb
  2305 | D:3      | Killed Ijyb
  2306 | D:3      | Reached XP level 5. HP: 31/41 MP: 5/5
  2786 | D:3      | Noticed Grinder
  2795 | D:3      | Slain by Grinder

Illustrated notes

Levels and vault maps discovered:
D:1:      dpeg_arrival_windows_large_door, layout_basic
D:2:      minmay_spotlight, layout_loops_corners, serial_shops,
          nicolae_shop_hallway_stairs
D:3:      layout_loops_corners, uniq_grinder, uniq_ijyb

Skill      XL: |  1  2  3  4 |
---------------+-------------+-----
Shields        | 4 |  4.5
Long Blades    | 3 |  3.8
Armour         | 4 |  4.1
Fighting       | |  3.2

Action                   |  1- 3 |  4- 6 || total
-------------------------+-------+-------++-------
Melee: Long sword        |    91 |    63 ||   154
       Unarmed           |       |    24 ||    24
Armor: Scale mail        |    53 |    31 ||    84
       Skin              |       |     3 ||     3
Dodge: Dodged            |    57 |    49 ||   106
Block: Buckler           |    21 |     8 ||    29

Table legend: (Time is in decaauts)
 A = Elapsed time spent in this place.
 B = Non-inter-level travel time spent in this place.
 C = Inter-level travel time spent in this place.
 D = Time resting spent in this place.
 E = Time spent auto-exploring this place.
 F = Levels seen in this place.
 G = Mean time per level.
                   A        B        C        D        E       F      G
               +--------+--------+--------+--------+--------+-----+--------+
         Total |   2834 |   2786 |     48 |    157 |   2202 |   3 |  944.7 |
       Dungeon |   2834 |   2786 |     48 |    157 |   2202 |   3 |  944.7 |
               +--------+--------+--------+--------+--------+-----+--------+

Top non-repeatable levels by time:
     D:2: 1362 daAuts
     D:1: 934 daAuts
     D:3: 537 daAuts
